 Dungeon Sprint DCSS version 0.28.0-53-g5a82cb258f (webtiles) character file.

Game seed: 9586217941228927643

67456 Zeld the Conqueror (level 13, 0/159 HPs)
             Began as a Minotaur Berserker on June 5, 2022.
             Was the Champion of Trog.
             Slain by an acid blob (17 damage)
             ... created by the Royal Jelly
             ... in the Dungeon (Sprint III: "The Ten Rune Challenge").
             The game lasted 00:09:55 (10421 turns).

Zeld the Conqueror (Minotaur Berserker)            Turns: 10421, Time: 00:09:55

Health: 0/159      AC: 15    Str: 26    XL:     13   Next: 69%
Magic:  12/12      EV: 13    Int:  4    God:    Trog [******]
Gold:   18         SH:  5    Dex:  7    Spells: 12/12 levels left

rFire   . . .      SeeInvis +   a - +5 battleaxe (flame)
rCold   + + +      Faith    .   (shield currently unavailable)
rNeg    . . .      Spirit   .   k - +8 chain mail "Asalerir" {-Tele rC+++ rCorr Dex-4}
rPois   +          Reflect  +   x - +2 hat
rElec   .          Harm     .   (no cloak)
rCorr   +          Rampage  .   (no gloves)
Will    .....      NoTele   +   p - +0 pair of boots
Stlth   ..........              s - amulet of reflection
HPRegen 0.36/turn               r - ring of poison resistance
MPRegen 0.13/turn               q - ring of see invisible {>}

@: on berserk cooldown, slowed, very slow
A: horns 2, retaliatory headbutt, deformed body
}: 2/10 runes: serpentine, barnacled
a: Renounce Religion, Berserk, Trog's Hand, Brothers in Arms


You were in the Dungeon.
You worshipped Trog.
Trog was exalted by your worship.
You visited 1 branch You collected 1761 gold pieces.
You spent 1743 gold pieces at shops.

Inventory:

Hand Weapons
 a - a +5 battleaxe of flaming (weapon)
Armour
 k - the +8 chain mail "Asalerir" (worn) {-Tele rC+++ rCorr Dex-4}
   (You bought it in a shop in the Dungeon)

   Dex:       It affects your dexterity (-4).
   rC:        It renders you almost immune to cold.
   -Tele:     It prevents most forms of teleportation.
   rCorr:     It protects you from acid and corrosion.
 p - a +0 pair of boots (worn)
 u - the +1 chain mail "Menad" {+Blink +Inv Will++ Int-3}
   (You found it in the Dungeon)

   Int:       It affects your intelligence (-3).
   +Inv:      It lets you turn invisible.
   +Blink:    It lets you blink.
   Will:      It greatly increases your willpower.
 x - a +2 hat (worn)
Jewellery
 q - a ring of see invisible (right hand) {>}
 r - a ring of poison resistance (left hand)
 s - an amulet of reflection (around neck)
 v - a +6 ring of strength
Wands
 b - a wand of iceblast (7)
 d - a wand of paralysis (9)
 i - a wand of mindburst (4)
Scrolls
 h - a scroll of blinking
 j - 3 scrolls of holy word
 t - 4 scrolls of identify
 w - 2 scrolls of immolation {unknown}
Potions
 c - a potion of curing
 e - 3 potions of haste
 f - 3 potions of magic
 g - a potion of berserk rage
 l - 5 potions of mutation
 m - 2 potions of flight
 n - a potion of might
 A - a potion of attraction {unknown}
Miscellaneous
 o - a condenser vane (inert)


   Skills:
 O Level 27 Fighting
 - Level 24.0 Axes
 - Level 2.4 Armour
 + Level 23.1 Dodging


You had 12 spell levels left.
You didn't know any spells.
Your spell library contained the following spells:

 Spells                   Type           Power      Damage    Failure   Level
 Corpse Rot               Necr/Air       0%         N/A       99%         2
 Poisonous Vapours        Pois/Air       0%         N/A       99%         2


Dungeon Overview and Level Annotations

Branches:
Dungeon (1/1)

Altars:
Cheibriados
Dithmenos
Elyvilon
Fedhas
Gozag
Hepliaklqana
Kikubaaqudgha
Makhleb
Nemelex Xobeh
Okawaru
Qazlal
Ru
Sif Muna
Trog
Uskayaw
Vehumet
Wu Jian
Xom
Yredelemnul
Zin
The Shining One
Beogh
Jiyva
Lugonu

Shops:
D :(?=?[[

Annotations:
D Royal Jelly


Innate Abilities, Weirdness & Mutations

You have a pair of horns on your head.
You reflexively headbutt those who attack you in melee.
Armour fits poorly on your strangely shaped body.


Message History

The azure jelly barely misses you. The azure jelly closely misses you.
The azure jelly barely misses you. The azure jelly hits you.
* * * LOW HITPOINT WARNING * * *
The azure jelly hits you but does no damage.
You block the azure jelly's attack. The azure jelly completely misses you.
The azure jelly hits you but does no damage.
The acid blob hits you.
* * * LOW HITPOINT WARNING * * *
You are splashed with acid.
You resist.
* * * LOW HITPOINT WARNING * * *
The azure jelly jiggles.
The azure jelly hits you.
* * * LOW HITPOINT WARNING * * *
The azure jelly freezes you! You resist.
* * * LOW HITPOINT WARNING * * *
The azure jelly hits you but does no damage.
The azure jelly hits you!
* * * LOW HITPOINT WARNING * * *
The azure jelly closely misses you.
The rockslime hits you but does no damage.
The azure jelly closely misses you. You furiously retaliate!
You headbutt the azure jelly. The azure jelly barely misses you.
The azure jelly hits you but does no damage.
The azure jelly barely misses you. The acid blob barely misses you.
You furiously retaliate!
You headbutt the acid blob.
Unknown command.
Unknown command.
Unknown command.
You feel better.
The rockslime seems to regain its courage.
The azure jelly seems to regain its courage.
The azure jelly hits you but does no damage.
The azure jelly closely misses you. The azure jelly hits you.
* * * LOW HITPOINT WARNING * * *
You block the azure jelly's attack.
The rockslime hits you but does no damage.
The azure jelly barely misses you. x2; The azure jelly misses you.
The azure jelly hits you but does no damage.
The acid blob hits you!
You die...

▓...#≈≈≈≈.......)..♣ ♣....
#'#############'##########
##.###### ▓..........P
##.#...### ▓≈≈.......P≈
##.......## ▓≈≈≈P...PP≈≈
#.........## ▓≈≈≈≈≈..≈≈≈≈
#....###§§§§# ▓≈≈≈≈≈≈≈≈≈≈≈
#...##?##JJ§# ▓≈≈≈≈≈≈≈≈≈≈≈
##..#)φ)#@J## ▓≈≈≈≈≈≈≈≈≈≈≈
#...##)##JJJ# ▓≈≈≈≈≈≈≈≈≈≈≈
#....###JJJJ# ▓≈≈≈≈≈≈≈≈≈≈≈
##.....§§J§## ▓≈≈≈≈≈≈≈≈≈≈≈
##...J§J§## ▓≈≈≈≈≈≈≈≈≈≈≈
###.§§### ▓≈≈≈≈≈≈≈≈≈≈≈
#### ▓≈≈≈......≈≈
▓≈≈..∩∩.∩..≈ ▓▓▓▓▓▓▓▓▓▓▓▓


You could see the Royal Jelly, 5 acid blobs, 3 azure jellies, 2 rockslimes and 2
quicksilver oozes.

Vanquished Creatures
  Rupert (D)
  A kraken (D)
  An acid blob (D)
  Gastronok (D)
  Dowan (D)
  A nagaraja (D)
  4 azure jellies (D)
  A quicksilver ooze (D)
  2 dire elephants (D)
  Erolcha (D)
  A naga warrior (D)
  2 hydras (D)
  2 anacondas (D)
  2 alligator snapping turtles (D)
  4 death yaks (D)
  4 orc high priests (D)
  A deep elf knight (D)
  Urug (D)
  A death drake (D)
  A spriggan druid (D)
  An orange crystal statue (D)
  A deep elf zephyrmancer (D)
  A lindwurm (D)
  3 deep elf pyromancers (D)
  4 shining eyes (D)
  2 elephants (D)
  A guardian serpent (D)
  5 black mambas (D)
  2 cane toads (D)
  Duvessa (D)
  A rime drake (D)
  A komodo dragon (D)
  4 spriggan defenders (D)
  2 tyrant leeches (D)
  8 blink frogs (D)
  3 snapping turtles (D)
  A shadow (D)
  2 spriggans (D)
  3 wandering mushrooms (D)
  2 nagas (D)
  5 redbacks (D)
  A spatial vortex (D)
  8 water moccasins (D)
  A hydra simulacrum (D)
  2 floating eyes (D)
  A swamp drake (D)
  A fire dragon simulacrum (D)
  A necrophage (D)
  5 two-headed ogres (D)
  A water elemental (D)
  An electric eel (D)
  A jelly (D)
  3 orc priests (D)
  Jessica (D)
  A wizard (D)
  4 orc wizards (D)
  A necromancer (D)
  A polar bear simulacrum (D)
  A wolf simulacrum (D)
  A kobold demonologist (D)
  3 humans (D)
  6 adders (D)
  A phantom (D)
  9 orcs (D)
  An endoplasm (D)
  A hobgoblin (D)
  A frilled lizard (D)
  A rat (D)
  A tentacle (D)
146 creatures vanquished.

Vanquished Creatures (collateral kills)
  An azure jelly (D)
  A deep elf pyromancer (D)
  A snapping turtle (D)
3 creatures vanquished.

Vanquished Creatures (others)
  A fungus (D)
  26 plants (D)
  20 tentacles (D)
47 creatures vanquished.

Grand Total: 196 creatures vanquished

Notes
Turn   | Place    | Note
-------+----------+-------------------------------------------
     0 | D        | Zeld the Minotaur Berserker began the quest for the Orb.
     0 | D        | Reached XP level 1. HP: 19/19 MP: 0/0
    25 | D        | Noticed Jessica
    32 | D        | Killed Jessica
    32 | D        | Reached ** piety under Trog
    33 | D        | Reached XP level 2. HP: 14/26 MP: 1/1
   239 | D        | Reached XP level 3. HP: 31/31 MP: 2/2
   407 | D        | Noticed a water elemental
   414 | D        | Killed a water elemental
   415 | D        | Reached XP level 4. HP: 13/39 MP: 3/3
   632 | D        | Found a radiant altar of Vehumet.
   632 | D        | Found a shimmering blue altar of Sif Muna.
   632 | D        | Found an ancient bone altar of Kikubaaqudgha.
   632 | D        | Noticed a wizard
   634 | D        | Killed a wizard
   634 | D        | Reached *** piety under Trog
   640 | D        | Reached XP level 5. HP: 45/45 MP: 4/4
   755 | D        | Found a hide-covered altar of Uskayaw.
   755 | D        | Found an iron altar of Okawaru.
   755 | D        | Found a bloodstained altar of Trog.
   755 | D        | Found an ornate altar of the Wu Jian Council.
   755 | D        | Noticed a human
   758 | D        | Killed a human
   759 | D        | Reached skill level 15 in Axes
   759 | D        | Reached XP level 6. HP: 51/51 MP: 5/5
   759 | D        | Noticed a human
   767 | D        | Killed a human
   767 | D        | Reached **** piety under Trog
   856 | D        | Found a glowing silver altar of Zin.
   856 | D        | Found a glowing golden altar of the Shining One.
   856 | D        | Found a white marble altar of Elyvilon.
   857 | D        | Noticed a deep elf pyromancer
   871 | D        | HP: 2/51 [burnt (8)]
   879 | D        | Killed a deep elf pyromancer
   880 | D        | Reached XP level 7. HP: 35/57 MP: 6/6
   991 | D        | Found a basalt altar of Yredelemnul.
   991 | D        | Found a shadowy altar of Dithmenos.
   991 | D        | Found a sacrificial altar of Ru.
  1049 | D        | Noticed a shadow
  1056 | D        | Killed a shadow
  1057 | D        | Reached XP level 8. HP: 61/64 MP: 7/7
  1096 | D        | Found a blossoming altar of Fedhas.
  1096 | D        | Found a stormy altar of Qazlal.
  1096 | D        | Found a snail-covered altar of Cheibriados.
  1096 | D        | Found a burning altar of Makhleb.
  1096 | D        | Found a shimmering altar of Xom.
  1097 | D        | Found a hazy altar of Hepliaklqana.
  1097 | D        | Found an opulent altar of Gozag.
  1097 | D        | Found a sparkling altar of Nemelex Xobeh.
  1097 | D        | Found a corrupted altar of Lugonu.
  1097 | D        | Found a viscous altar of Jiyva.
  1222 | D        | Reached ***** piety under Trog
  1499 | D        | Noticed a two-headed ogre
  1513 | D        | Killed a two-headed ogre
  1743 | D        | Noticed a two-headed ogre
  1743 | D        | Noticed Erolcha
  1749 | D        | Killed Erolcha
  1750 | D        | Reached XP level 9. HP: 70/70 MP: 8/8
  1757 | D        | Killed a two-headed ogre
  1758 | D        | Reached skill level 6 in Fighting
  1759 | D        | Reached skill level 7 in Fighting
  1764 | D        | Reached skill level 8 in Fighting
  1951 | D        | Noticed a wandering mushroom
  1956 | D        | Noticed a wandering mushroom
  1958 | D        | Noticed a wandering mushroom
  1969 | D        | Reached skill level 9 in Fighting
  2439 | D        | Noticed a cane toad
  2439 | D        | Noticed a komodo dragon
  2439 | D        | Noticed a cane toad
  2451 | D        | Killed a cane toad
  2451 | D        | Received a gift from Trog
  2452 | D        | Reached skill level 10 in Fighting
  2847 | D        | Killed a komodo dragon
  2848 | D        | Reached skill level 11 in Fighting
  2854 | D        | Killed a cane toad
  2855 | D        | Reached skill level 12 in Fighting
  2855 | D        | Reached XP level 10. HP: 100/100 MP: 9/9
  2957 | D        | Reached skill level 13 in Fighting
  3298 | D        | Reached skill level 14 in Fighting
  3648 | D        | HP: 4/156 [blink frog (14)]
  3649 | D        | Reached ****** piety under Trog
  3650 | D        | Reached skill level 15 in Fighting
  4136 | D        | Reached skill level 16 in Fighting
  4620 | D        | Received a gift from Trog
  4767 | D        | Noticed a lindwurm
  4771 | D        | Killed a lindwurm
  4772 | D        | Reached skill level 17 in Fighting
  5052 | D        | Noticed Urug
  5056 | D        | Killed Urug
  5057 | D        | Reached skill level 18 in Fighting
  5057 | D        | Reached skill level 5 in Dodging
  5310 | D        | Found Fyagyf's Armour Boutique.
  5311 | D        | Noticed an orc high priest
  5315 | D        | Received a gift from Trog
  5332 | D        | Killed an orc high priest
  5335 | D        | Received a gift from Trog
  5336 | D        | Reached XP level 11. HP: 81/121 MP: 10/10
  5538 | D        | Bought the +8 chain mail "Asalerir" {-Tele rC+++ rCorr
                  | Dex-4} for 859 gold pieces
  5538 | D        | Bought a +0 pair of boots for 49 gold pieces
  5586 | D        | Noticed a deep elf pyromancer
  5586 | D        | Noticed a deep elf knight
  5586 | D        | Noticed a deep elf pyromancer
  5586 | D        | Noticed a deep elf pyromancer
  5586 | D        | Noticed a deep elf zephyrmancer
  5623 | D        | Noticed Dowan
  5623 | D        | Noticed Duvessa
  5630 | D        | Killed Duvessa
  5631 | D        | Reached skill level 19 in Fighting
  5635 | D        | Killed Dowan
  5637 | D        | Killed a deep elf zephyrmancer
  5638 | D        | Reached skill level 20 in Fighting
  5925 | D        | Noticed a sun demon
  5931 | D        | Received a gift from Trog
  6200 | D        | Noticed an orange crystal statue
  6217 | D        | Killed an orange crystal statue
  6396 | D        | Reached skill level 21 in Fighting
  6706 | D        | Killed a deep elf pyromancer
  6743 | D        | Killed a deep elf pyromancer
  6743 | D        | Received a gift from Trog
  6744 | D        | Reached skill level 10 in Dodging
  6746 | D        | Killed a deep elf pyromancer
  6747 | D        | Reached skill level 22 in Fighting
  6768 | D        | Killed a deep elf knight
  6985 | D        | Noticed a four-headed hydra
  6985 | D        | Noticed a four-headed hydra
  6995 | D        | Killed a two-headed hydra
  7000 | D        | Killed a one-headed hydra
  7107 | D        | Reached skill level 23 in Fighting
  7109 | D        | Noticed a death drake
  7118 | D        | Killed a death drake
  7122 | D        | HP: 5/133 [poisoned by a death drake (dark miasma)]
  7421 | D        | Received a gift from Trog
  7422 | D        | Reached XP level 12. HP: 141/141 MP: 11/11
  7573 | D        | Received a gift from Trog
  7573 | D        | Noticed an anaconda
  7587 | D        | Killed an anaconda
  7588 | D        | Reached skill level 24 in Fighting
  7767 | D        | Noticed an anaconda
  7772 | D        | Killed an anaconda
  7937 | D        | Noticed a naga warrior
  7937 | D        | Noticed a nagaraja
  7940 | D        | Found Peager's Jewellery Shop.
  7940 | D        | Found Ditib's Magic Scroll Shoppe.
  7944 | D        | Killed a nagaraja
  7944 | D        | Received a gift from Trog
  7945 | D        | Found Zaab's Antique Armour Boutique.
  7950 | D        | Killed a naga warrior
  7951 | D        | Reached skill level 25 in Fighting
  8146 | D        | Bought a ring of see invisible for 165 gold pieces
  8146 | D        | Bought a ring of poison resistance for 220 gold pieces
  8148 | D        | Bought an amulet of reflection for 330 gold pieces
  8154 | D        | Bought a scroll of holy word for 82 gold pieces
  8271 | D        | Got a serpentine rune of Zot
  8405 | D        | Found a blossoming altar of Fedhas.
  8415 | D        | Identified the +3 bardiche of Ebaekiwo {vorpal, rN+ Str-3
                  | Dex+4} (Trog gifted it to you in the Dungeon)
  8415 | D        | Received a gift from Trog
  8607 | D        | Identified the +1 chain mail "Menad" {+Blink +Inv Will++
                  | Int-3}
  8809 | D        | Noticed a dire elephant
  8809 | D        | Noticed a dire elephant
  8817 | D        | Killed a dire elephant
  8819 | D        | Reached skill level 26 in Fighting
  8819 | D        | Noticed Gastronok
  8828 | D        | Killed a dire elephant
  8828 | D        | Received a gift from Trog
  8839 | D        | Killed Gastronok
  8840 | D        | Reached skill level 15 in Dodging
  8950 | D        | Noticed an azure jelly
  8950 | D        | Noticed an azure jelly
  8950 | D        | Noticed an azure jelly
  8951 | D        | Noticed an azure jelly
  8954 | D        | Noticed Rupert
  8954 | D        | Paralysed by Rupert for 4 turns
  8965 | D        | Killed Rupert
  8966 | D        | Reached skill level 27 in Fighting
  9066 | D        | Noticed a death yak
  9066 | D        | Noticed a death yak
  9070 | D        | Noticed a death yak
  9074 | D        | Killed a death yak
  9075 | D        | Noticed a death yak
  9083 | D        | Killed a death yak
  9083 | D        | Received a gift from Trog
  9084 | D        | Reached XP level 13. HP: 154/159 MP: 12/12
  9368 | D        | Noticed a kraken
  9378 | D        | Received a gift from Trog
  9668 | D        | Killed a kraken
  9865 | D        | Found Weaxze's Book Shoppe.
  9865 | D        | Found Qurax's Antique Weapon Boutique.
  9865 | D        | Found Foeceagh's Magic Scroll Shop.
 10085 | D        | Got a barnacled rune of Zot
 10089 | D        | Bought a scroll of fear for 38 gold pieces
 10123 | D        | Killed an azure jelly
 10129 | D        | Killed an azure jelly
 10136 | D        | Killed an azure jelly
 10136 | D        | Received a gift from Trog
 10140 | D        | Killed an azure jelly
 10231 | D        | Noticed an azure jelly
 10239 | D        | Paralysed by a floating eye for 4 turns
 10247 | D        | Killed an azure jelly
 10401 | D        | Noticed an acid blob
 10407 | D        | Gained mutation: Armour fits poorly on your strangely
                  | shaped body. [a shining eye]
 10409 | D        | Killed an acid blob
 10410 | D        | Found a viscous altar of Jiyva.
 10410 | D        | Noticed the Royal Jelly
 10412 | D        | Received a gift from Trog
 10415 | D        | Noticed an acid blob
 10415 | D        | Noticed an acid blob
 10415 | D        | Noticed an acid blob
 10415 | D        | Noticed a quicksilver ooze
 10416 | D        | Noticed a quicksilver ooze
 10416 | D        | Noticed a rockslime
 10416 | D        | Noticed a rockslime
 10416 | D        | Noticed an acid blob
 10416 | D        | Noticed an azure jelly
 10416 | D        | Noticed an azure jelly
 10418 | D        | Killed a quicksilver ooze
 10418 | D        | Noticed an acid blob
 10418 | D        | Noticed a quicksilver ooze
 10418 | D        | Noticed an azure jelly
 10421 | D        | Slain by an acid blob

Illustrated notes

Levels and vault maps discovered:
D:        dungeon_sprint_mu [sprint_mu_entry_cave, sprint_mu_temple_rooms,
          sprint_mu_d1_spiders, sprint_mu_d2_genie, sprint_mu_d3_branching,
          sprint_mu_orc_legion, sprint_mu_elf_gauntlet, sprint_mu_hive_nellie,
          sprint_mu_lair_fedhas, sprint_mu_vaults_butterflies,
          sprint_mu_slime_circle, sprint_mu_shoals_kraken,
          sprint_mu_snake_twists, sprint_mu_blade_basic,
          sprint_mu_crypt_fortress, sprint_mu_tomb_spiral,
          sprint_mu_vestibule_basic, sprint_mu_gehenna_hellfire,
          sprint_mu_dis_giant, sprint_mu_tartarus_statrot,
          sprint_mu_cocytus_islands, sprint_mu_zot1]

Skill      XL: |  1  2  3  4  5  6  7  8  9 10 11 12 13 |
---------------+----------------------------------------+-----
Axes           | 8 11 12 15 19 20 23 24 | 24.0
Fighting       | 12 18 23 27 | 27.0
Dodging        | 6 11 16 23 | 23.1
Armour         | |  2.4

Action                   |  1- 3 |  4- 6 |  7- 9 | 10-12 | 13-15 || total
-------------------------+-------+-------+-------+-------+-------++-------
Melee: Hand axe          |    14 |    18 |   111 |    51 |       ||   194
       Punch             |     2 |     1 |     2 |     1 |       ||     6
       Headbutt          |     1 |     6 |    19 |    55 |    20 ||   101
       Battleaxe         |       |       |       |   210 |    83 ||   293
Invok: Berserk           |     3 |     3 |     6 |    13 |     5 ||    30
       Brothers in Arms  |       |     1 |       |       |     2 ||     3
       Trog's Hand       |       |       |       |     1 |     2 ||     3
Evoke: Condenser vane    |       |       |       |       |     1 ||     1
  Use: Potion            |       |     1 |     1 |     1 |     3 ||     6
       Scroll            |       |       |       |     3 |     1 ||     4
 Stab: Confused          |       |       |       |     1 |       ||     1
Armor: Animal skin       |       |       |     4 |     4 |       ||     8
       Chain mail        |       |       |       |    63 |    70 ||   133
Dodge: Dodged            |     5 |     4 |    40 |    65 |    55 ||   169
Block: Other             |       |       |       |     5 |    15 ||    20
